 Dungeon Crawl Stone Soup version 0.20-a0-1109-ge3cd172 (webtiles) character file.

89284 Wendigo the Bludgeoner (level 15, -5/121 HPs)
             Began as a Demonspawn Berserker on May 4, 2017.
             Was the Champion of Trog.
             Killed from afar by a shock serpent (28 damage)
             ... with a bolt of electricity
             ... on level 2 of the Snake Pit on May 5, 2017.
             The game lasted 01:15:46 (24055 turns).

Wendigo the Bludgeoner (Demonspawn Berserker)      Turns: 24055, Time: 01:15:47

Health: -5/121     AC: 21    Str: 38    XL:     15   Next: 48%
Magic:  20/20      EV: 25    Int:  6    God:    Trog [******]
Gold:   1496       SH:  0    Dex: 18    Spells: 14/14 levels left

rFire    + . .     SeeInvis +   q - +1 great mace of Trog's Pride {speed, Str+3 Dex+4}
rCold    . . .     Gourm    .   (shield currently unavailable)
rNeg     . . .     Faith    .   T - +1 scale mail of the Oligarchy {rPois rF+ MR- Str+2}
rPois    +         Spirit   .   j - +1 helmet
rElec    .         Reflect  .   K - +2 cloak
rCorr    +         Harm     .   (no gloves)
MR       .....     NoCast   +   b - +0 pair of boots of the Sailor {-Cast Str+10 Int-2 SInv} (curse)
Stlth    +.........             o - amulet of regeneration
Regen    0.7/turn               r - ring of stealth
MPRegen  0.2/turn               s - +6 ring of evasion

@: no status effects
A: talons 2, yellow scales 3, powered by death 2, rot immunity
a: Berserk, Trog's Hand, Brothers in Arms, Burn Spellbooks, Renounce Religion


You were on level 2 of the Snake Pit.
You worshipped Trog.
Trog was exalted by your worship.
You were hungry.

You visited 4 branches of the dungeon, and saw 20 of its levels.
You also visited: Ossuary and Volcano.

You collected 2425 gold pieces.
You spent 929 gold pieces at shops.

Inventory:

Hand Weapons
 q - the +1 great mace of Trog's Pride (weapon) {speed, Str+3 Dex+4}
   (Trog gifted it to you on level 6 of the Lair of Beasts)

   Attacks with this weapon are significantly faster.
   It affects your strength (+3).
   It affects your dexterity (+4).
 P - a +4 antimagic great mace
Missiles
 G - 7 poisoned javelins (quivered)
 H - 6 tomahawks of returning
Armour
 b - the cursed +0 pair of boots of the Sailor (worn) {-Cast Str+10 Int-2 SInv}
   (You found it in a volcano)

   It affects your strength (+10).
   It affects your intelligence (-2).
   It lets you see invisible.
   It prevents spellcasting.
   It has a curse placed upon it.
 j - a +1 helmet (worn)
 F - +0 ice dragon scales
 K - a +2 cloak (worn)
 O - a +1 scale mail of fire resistance
 Q - a +0 plate armour
 T - the +1 scale mail of the Oligarchy (worn) {rPois rF+ MR- Str+2}
   (You took it off a salamander on level 1 of the Snake Pit)

   It affects your strength (+2).
   It protects you from fire.
   It protects you from poison.
   It affects your resistance to hostile enchantments.
Jewellery
 l - an uncursed ring of ice
 o - an amulet of regeneration (around neck)
 r - a ring of stealth (left hand)
 s - a +6 ring of evasion (right hand)
 W - an uncursed ring of fire {unknown}
Wands
 a - a wand of paralysis (11/24)
 M - a wand of clouds (5/9)
Scrolls
 h - a scroll of magic mapping
 i - 4 scrolls of recharging
 v - a scroll of teleportation
 y - 8 scrolls of remove curse
 z - 2 scrolls of fog
 J - a scroll of fear
 U - a scroll of enchant weapon
 X - a scroll of enchant armour
 Y - a scroll of torment {unknown}
Potions
 c - 3 potions of invisibility
 d - 3 potions of agility
 e - 4 potions of heal wounds
 k - 2 potions of lignification
 n - 4 potions of haste
 p - 12 potions of curing
 t - 3 potions of brilliance
 u - 6 potions of flight
 x - 5 potions of berserk rage
 C - 2 potions of mutation {unknown}
 N - 2 potions of might {unknown}
 R - 2 potions of degeneration {unknown}
 V - a potion of magic {unknown}
Books
 A - a book of Fire

   Spells                             Type                      Level
   a - Ignite Poison                  Fire/Transmutation/Poison    3
   b - Fireball                       Conjuration/Fire             5
   c - Bolt of Fire                   Conjuration/Fire             6
   d - Ring of Flames                 Charms/Fire                  7
   e - Ignition                       Fire                         8
   Trog disapproves of the use of such an item.
 I - a book of Frost

   Spells                             Type                      Level
   a - Freeze                         Ice                          1
   b - Throw Frost                    Conjuration/Ice              2
   c - Ozocubu's Armour               Charms/Ice                   3
   d - Throw Icicle                   Conjuration/Ice              4
   e - Summon Ice Beast               Ice/Summoning                4
   Trog disapproves of the use of such an item.
 L - a book of Necromancy

   Spells                             Type                      Level
   a - Pain                           Necromancy                   1
   b - Animate Skeleton               Necromancy                   1
   c - Vampiric Draining              Necromancy                   3
   d - Regeneration                   Charms/Necromancy            3
   e - Animate Dead                   Necromancy                   4
   f - Control Undead                 Necromancy                   4
   Trog disapproves of the use of such an item.
Miscellaneous
 m - 2 boxes of beasts
 D - a phial of floods
 E - a sack of spiders
 S - a lamp of fire
Comestibles
 f - 5 royal jellies
 g - 15 meat rations
 w - 10 bread rations
 B - 32 fruits


   Skills:
 + Level 12.2 Fighting
 * Level 16.1 Maces & Flails
 + Level 11.1 Armour
 + Level 11.0 Dodging
 - Level 7.0 Evocations


You had 14 spell levels left.
You didn't know any spells.

Dungeon Overview and Level Annotations

Branches:
Dungeon (10/15)            Temple (0/1) D:6            Lair (6/6) D:8
 Shoals (0/4) Lair:3        Snake (2/4) Lair:2        Slime (0/5) Lair:6
    Orc (2/2) D:9             Elf (0/3) Orc:2

Altars:
Fedhas
Makhleb
Xom
Zin
Beogh

Shops:
Orc:1 (*   Orc:2 [}(?*

Portals:
Pandemonium: Orc:2
Trove: D:10 (give +6 demon blade)

Annotations:
D:3 1 runed door
Lair:1 exclusion: downstairs
Lair:3 exclusion: oklob plant


Innate Abilities, Weirdness & Mutations

You have razor-sharp toenails.
You are completely covered in yellow scales. (AC +4, rCorr)
You regenerate health from kills.
You are immune to rotting.


Message History

The naga sharpshooter magically shoots a bolt.
The bolt hits you!
You see here a bolt.
The shock serpent completely misses you.
The shock serpent shoots out a bolt of lightning at you!
The bolt of electricity hits you!
The shock serpent shoots out a bolt of lightning at you!
The bolt of electricity misses you.
The shock serpent shoots out a bolt of lightning at you!
The bolt of electricity hits you! The naga spits poison at you.
The splash of poison misses you.
The shock serpent shoots out a bolt of lightning at you!
The bolt of electricity hits you!
The shock serpent shoots out a bolt of lightning at you!
The bolt of electricity hits you!
* * * LOW HITPOINT WARNING * * *
The shock serpent shoots out a bolt of lightning at you!
The bolt of electricity hits you!
You die...

#.#### #.###. ...# #####
#####...#. ...##
#...###########.......#.
....######...............###.....
$.......##....####...##.....###.#
...........................##...#
##.......)...#####...###...##....
..N..N....N.S...@.....<...###....
.)....(..(..#...#######....##....
####...#........#######.......###
#####.........................##
......###################......#
#...### #......# #... ####...#
#.. ##### ###


You could see a shock serpent and a naga.

Vanquished Creatures
  A nagaraja (Snake:1)
  A frost giant (D:10)
  A stone giant (D:10)
  Josephine (Orc:1)
  2 yaktaur captains (D:10)
  3 naga warriors (Snake:1)
  A great orb of eyes (D:10)
  Harold (Lair:2)
  4 hydras
  An anaconda (Snake:1)
  An ice dragon (D:10)
  A catoblepas (Lair:5)
  Erica (Lair:2)
  The ghost of Duffy the Destroyer, a novice NaFE of Vehumet (D:9)
  6 orc high priests
  3 naga sharpshooters (Snake:1)
  A soul eater (Orc:2)
  A fire crab (Volcano)
  2 sun demons (Orc:2)
  A deep elf knight (D:10)
  2 infernal demonspawn (Orc:2)
  2 lindwurms
  5 orc knights
  3 mana vipers (Snake:1)
  4 salamanders
  6 orc sorcerers (Orc:2)
  A guardian serpent (Snake:1)
  A rust devil (Orc:2)
  17 black mambas
  2 naga magi (Snake:1)
  2 smoke demons (Orc:2)
  A torpor snail (Lair:6)
  33 spiny frogs
  9 komodo dragons
  3 rime drakes
  A red devil (Orc:2)
  4 trolls
  A hornet (D:10)
  30 blink frogs
  2 tyrant leeches (Lair:6)
  4 hippogriffs
  5 wraiths
  A spriggan (D:7)
  6 wyverns
  40 yaks
  2 basilisks
  2 fire bats (Volcano)
  2 steam dragons (Volcano)
  Menkaure (D:6)
  Edmund (D:4)
  6 vampire mosquitoes (Lair:6)
  10 nagas
  2 wargs
  18 water moccasins
  7 porcupines
  2 hell hounds (Volcano)
  An ice beast (D:10)
  2 sky beasts
  33 orc warriors
  2 black bears
  A necrophage (D:9)
  11 ogres
  9 wolves
  3 centaurs
  11 crocodiles
  A big kobold (D:10)
  21 bullfrogs
  3 water moccasin zombies (Ossuary)
  2 scorpions
  3 electric eels (Lair:6)
  6 wights
  A howler monkey (D:6)
  2 bullfrog zombies (D:8)
  4 crimson imps
  5 hounds
  29 orc priests
  7 jellies
  Crazy Yiuf (D:2)
  2 bullfrog skeletons
  19 orc wizards
  2 centaur skeletons
  5 worker ants
  5 iguanas
  4 big kobold zombies (Ossuary)
  2 hound zombies
  2 mummies (Ossuary)
  A worker ant zombie (D:10)
  4 gnolls (D:5)
  A howler monkey skeleton (D:7)
  13 adders
  A shadow imp (D:9)
  4 adder zombies
  4 adder skeletons
  3 worms
  7 leopard geckos
  69 orcs
  5 ball pythons
  4 giant cockroaches
  2 gnoll zombies (Ossuary)
  10 goblins
  6 hobgoblins
  5 quokkas
  7 bats
  8 frilled lizards
  5 hobgoblin zombies (Ossuary)
  A jackal skeleton (D:8)
  13 kobolds
  5 kobold zombies (Ossuary)
  A leopard gecko skeleton (D:5)
  5 orc zombies (Ossuary)
  A quokka zombie (D:7)
  7 rats
663 creatures vanquished.

Vanquished Creatures (collateral kills)
  A frost giant (D:10)
  A stone giant (D:10)
  An ogre mage (D:10)
  2 two-headed ogres (D:8)
  An infernal demonspawn (Orc:2)
  An orc knight (Orc:1)
  A deep elf mage (D:10)
  2 orc sorcerers
  A troll (Orc:1)
  A wraith (Orc:1)
  A water moccasin (Lair:2)
  A black bear (D:6)
  3 orc warriors
  A crocodile (D:8)
  3 wights (D:6)
  3 orc priests (Orc:2)
  An adder (D:8)
  6 orcs
  A giant cockroach (D:6)
32 creatures vanquished.

Vanquished Creatures (others)
  The ghost of Duffy the Shield-Bearer, an amateur NaWn (D:3)
  A water moccasin zombie (Ossuary)
  A scorpion (D:5)
  An orc wizard (D:4)
  2 worker ants
  A big kobold zombie (Ossuary)
  An adder (D:4)
  A dart slug (D:3)
  An orc (Orc:1)
  2 gnoll zombies (Ossuary)
  An orc zombie (Ossuary)
  2 bushes
  21 fungi
  42 plants
78 creatures vanquished.

Grand Total: 773 creatures vanquished

Notes
Turn   | Place    | Note
-------+----------+-------------------------------------------
     0 | D:1      | Wendigo the Demonspawn Berserker began the quest for the Orb.
     0 | D:1      | Reached XP level 1. HP: 18/18 MP: 1/1
   104 | D:1      | Reached skill level 3 in Maces & Flails
   223 | D:1      | Gained mutation: You regenerate a little health from kills. [demonic ancestry]
   223 | D:1      | Reached XP level 2. HP: 19/24 MP: 2/2
   941 | D:2      | Gained mutation: You are immune to rotting. [demonic ancestry]
   941 | D:2      | Reached XP level 3. HP: 22/29 MP: 3/3
  1131 | D:2      | Reached ** piety under Trog
  1189 | D:2      | Reached skill level 4 in Maces & Flails
  1265 | D:2      | Found a runed door.
  1298 | D:2      | Noticed Crazy Yiuf
  1304 | D:2      | Killed Crazy Yiuf
  1304 | D:2      | Reached XP level 4. HP: 35/35 MP: 4/4
  1326 | D:2      | You fall through a shaft!
  1415 | D:3      | Found a blossoming altar of Fedhas.
  1484 | D:3      | Reached skill level 5 in Maces & Flails
  1541 | D:3      | Reached XP level 5. HP: 41/41 MP: 5/5
  2163 | D:3      | Noticed Duffy's ghost (amateur NaWn)
  2189 | D:3      | Banished Duffy's ghost
  2189 | D:3      | Reached skill level 6 in Maces & Flails
  2189 | D:3      | Gained mutation: You have sharp toenails. [demonic ancestry]
  2189 | D:3      | Reached XP level 6. HP: 44/47 MP: 6/6
  2318 | D:3      | Found a glowing silver altar of Zin.
  2318 | D:3      | Found a runed door.
  2318 | D:3      | Noticed an angel
  2546 | D:4      | Noticed Edmund
  2557 | D:4      | Killed Edmund
  2557 | D:4      | Reached skill level 7 in Maces & Flails
  2650 | D:4      | Reached *** piety under Trog
  2684 | D:4      | Found a sand-covered staircase.
  2691 | Ossuary  | Entered an ossuary
  2767 | Ossuary  | Reached XP level 7. HP: 48/52 MP: 7/7
  2921 | Ossuary  | Reached skill level 8 in Maces & Flails
  3225 | D:4      | Reached **** piety under Trog
  3326 | D:4      | Reached XP level 8. HP: 52/58 MP: 8/8
  3444 | D:4      | Reached skill level 9 in Maces & Flails
  3810 | D:5      | Entered Level 5 of the Dungeon
  4604 | D:5      | Reached skill level 10 in Maces & Flails
  5527 | D:6      | Found a staircase to the Ecumenical Temple.
  5553 | D:6      | Noticed Menkaure
  5561 | D:6      | Killed Menkaure
  5692 | D:6      | Reached XP level 9. HP: 48/65 MP: 9/9
  7194 | D:7      | Reached skill level 11 in Maces & Flails
  7225 | D:7      | You fall through a shaft!
  7452 | D:7      | Reached skill level 5 in Fighting
  7722 | D:8      | Noticed a two-headed ogre
  7727 | D:8      | Killed a two-headed ogre
  7729 | D:8      | Noticed a two-headed ogre
  7731 | D:8      | Killed a two-headed ogre
  7731 | D:8      | Gained mutation: You are partially covered in yellow scales. (AC +2) [demonic ancestry]
  7731 | D:8      | Reached XP level 10. HP: 74/74 MP: 10/10
  8007 | D:8      | Found a staircase to the Lair.
  8358 | D:9      | Found a staircase to the Orcish Mines.
  8414 | D:9      | Reached ***** piety under Trog
  8848 | D:9      | Noticed Duffy's ghost (novice NaFE)
  9039 | Lair:1   | Entered Level 1 of the Lair of Beasts
  9047 | D:8      | Reached skill level 5 in Armour
  9201 | Lair:1   | Noticed a black mamba
  9387 | D:8      | Reached skill level 5 in Dodging
  9399 | D:8      | Reached skill level 12 in Maces & Flails
  9512 | Lair:1   | Killed a black mamba
  9805 | Lair:1   | Noticed a spiny frog
  9814 | Lair:1   | Killed a spiny frog
  9814 | Lair:1   | Reached XP level 11. HP: 83/83 MP: 11/11
 11112 | Lair:1   | Reached skill level 13 in Maces & Flails
 11607 | Lair:2   | Noticed a seven-headed hydra
 11804 | Lair:2   | Noticed Erica
 11828 | Lair:2   | Killed Erica
 12174 | Lair:2   | Noticed Harold
 12187 | Lair:2   | Killed Harold
 12260 | Lair:2   | Found a staircase to the Snake Pit.
 12309 | Lair:2   | Noticed a lindwurm
 12317 | Lair:2   | Killed a lindwurm
 12317 | Lair:2   | Gained mutation: You are mostly covered in yellow scales. (AC +3) [demonic ancestry]
 12317 | Lair:2   | Reached XP level 12. HP: 54/92 MP: 12/12
 12885 | Lair:2   | Killed a seven-headed hydra
 12926 | Lair:2   | Noticed a four-headed hydra
 13103 | Lair:2   | Killed a four-headed hydra
 13874 | Lair:3   | Found a staircase to the Shoals.
 13923 | Lair:3   | Reached skill level 14 in Maces & Flails
 13959 | Lair:3   | Reached skill level 1 in Evocations
 15038 | Lair:4   | Got a shimmering leather armour
 15049 | Lair:4   | Identified the +2 leather armour of Supple Strength {Str+2 Stlth+} (You found it on level 4 of the Lair of Beasts)
 15223 | Lair:4   | Noticed a seven-headed hydra
 15234 | Lair:4   | Killed a seven-headed hydra
 15548 | Lair:5   | Noticed a catoblepas
 15557 | Lair:5   | Killed a catoblepas
 15599 | Lair:5   | Found a dark tunnel.
 15605 | Volcano  | Entered a volcano
 15659 | Volcano  | Got a pair of heavily runed boots
 15665 | Volcano  | Identified the cursed +0 pair of boots of the Sailor {-Cast Str+10 Int-2 SInv} (You found it in a volcano)
 16092 | Lair:5   | Reached skill level 5 in Evocations
 16145 | Lair:5   | Gained mutation: You have razor-sharp toenails. [demonic ancestry]
 16145 | Lair:5   | Reached XP level 13. HP: 87/101 MP: 16/16
 16636 | Lair:6   | Entered Level 6 of the Lair of Beasts
 17016 | Lair:6   | Reached ****** piety under Trog
 17100 | Lair:6   | Reached skill level 10 in Fighting
 17248 | Lair:6   | Received a gift from Trog
 17262 | Lair:6   | Got a brightly glowing great mace {god gift}
 17263 | Lair:6   | Identified the +1 great mace of Trog's Pride {speed, Str+3 Dex+4} (Trog gifted it to you on level 6 of the Lair of Beasts)
 17956 | Lair:6   | Found a staircase to the Slime Pits.
 18016 | Lair:6   | Gained mutation: You are completely covered in yellow scales. (AC +4, rCorr) [demonic ancestry]
 18016 | Lair:6   | Reached XP level 14. HP: 111/111 MP: 19/19
 18474 | Orc:1    | Entered Level 1 of the Orcish Mines
 18505 | D:9      | Received a gift from Trog
 18510 | D:9      | Killed Duffy's ghost
 18710 | D:9      | Found a shimmering altar of Xom.
 19072 | D:10     | Entered Level 10 of the Dungeon
 19309 | D:10     | Found a portal to a secret trove of treasure.
 19466 | D:10     | Noticed a stone giant
 19468 | D:10     | Noticed a frost giant
 19498 | D:10     | Killed a stone giant
 19504 | D:10     | Killed a frost giant
 19731 | D:10     | Found a runed door.
 19733 | D:10     | Found a runed door.
 19733 | D:10     | Noticed a stone giant
 19733 | D:10     | Noticed a frost giant
 19763 | D:10     | Reached skill level 10 in Armour
 19779 | D:10     | Got a faintly glowing morningstar {protect}
 19780 | D:10     | Identified the +3 morningstar of Responsibility {protect, Dex+5} (You took it off a deep elf knight on level 10 of the Dungeon)
 20118 | D:10     | Killed a frost giant
 20120 | D:10     | Killed a stone giant
 20120 | D:10     | Reached skill level 10 in Dodging
 20305 | Orc:1    | Reached skill level 15 in Maces & Flails
 20323 | Orc:1    | Found Hijig's Assorted Antiques.
 20334 | Orc:1    | Bought a golden potion for 31 gold pieces
 20334 | Orc:1    | Bought a scroll of identify for 70 gold pieces
 20409 | Orc:1    | Found Lyqatim's Antique Weapon Emporium.
 20565 | Orc:2    | Entered Level 2 of the Orcish Mines
 20648 | Orc:2    | Found Minoutis's General Store.
 20784 | Orc:2    | Found Enidwake's Magic Scroll Boutique.
 20913 | Orc:2    | Received a gift from Trog
 21004 | Orc:2    | Bought a scroll of identify for 26 gold pieces
 21007 | Orc:2    | Bought a scroll of identify for 30 gold pieces
 21007 | Orc:2    | Bought a scroll of identify for 30 gold pieces
 21007 | Orc:2    | Bought a scroll of identify for 30 gold pieces
 21007 | Orc:2    | Bought a scroll of enchant armour for 112 gold pieces
 21361 | Orc:2    | Found a staircase to the Elven Halls.
 21377 | Orc:2    | Received a gift from Trog
 21439 | Orc:2    | Found a burning altar of Makhleb.
 21459 | Orc:2    | Found Umaogrit's Antique Armour Shop.
 21787 | Orc:2    | Found a roughly hewn altar of Beogh.
 22189 | Orc:2    | Gained mutation: You regenerate health from kills. [demonic ancestry]
 22189 | Orc:2    | Reached XP level 15. HP: 42/120 MP: 6/20
 22312 | Orc:2    | Found Fata's Antique Weapon Emporium.
 22312 | Orc:2    | Found a one-way gate leading to the halls of Pandemonium.
 22312 | Orc:2    | Found Ickud's Gadget Shoppe.
 22316 | Orc:2    | Bought a lamp of fire for 600 gold pieces
 22396 | Orc:1    | Noticed Josephine
 22409 | Orc:1    | Killed Josephine
 22684 | Snake:1  | Entered Level 1 of the Snake Pit
 22735 | Snake:1  | Upgraded the game from 0.20-a0-1101-g1de9d76 to 0.20-a0-1109-ge3cd172
 22992 | Snake:1  | Got a pitted scale mail
 23004 | Snake:1  | Identified the +1 scale mail of the Oligarchy {rPois rF+ MR- Str+2} (You took it off a salamander on level 1 of the Snake Pit)
 23088 | Snake:1  | Noticed a nagaraja
 23101 | Snake:1  | Killed a nagaraja
 23667 | Snake:1  | Reached skill level 16 in Maces & Flails
 24055 | Snake:2  | Killed from afar by a shock serpent

Vault maps used:
D:1:      roderic_crossed_star
D:2:      uniq_crazy_yiuf_cottage
D:3:      old_standard_altar, lemuel_angel_altar
D:4:      chequers_ossuary_entry_cave, first_bread, uniq_edmund
D:6:      minmay_temple_entry_overgrown, minmay_liquid_box, uniq_menkaure
D:7:      the_bakery, st_stairs_12
D:8:      dpeg_oklobed_lair, hangedman_minor_gate_pass
D:9:      orc_0_dummy, basic_altar
D:10:     enter_trove_1, minmay_the_grid_triangle_9x9_recursive_2_mashed
Lair:2:   minmay_snake_entry_six_corridors, uniq_erica, uniq_harold
Lair:3:   elwin_shoals_entry_rocks, st_stairs_13, minmay_lair_oklob_chamber
Lair:5:   nicolae_volcano_entry_s_turn, grunt_megastairs_1
Lair:6:   minmay_lair_end_frog_pond, nicolae_slime_entry_slimehenge,
          infiniplex_staircase_pool_2
Snake:1:  serial_bayou_shore_b, lemuel_fruit_tree
Orc:1:    serial_shops, shop, shop, uniq_josephine
Orc:2:    pf_orc_diabolical, serial_shops, nicolae_shop_crystal, basic_altar,
          bh_open_orc_temple
Ossuary:  ossuary_tomb_2
Volcano:  volcano_pools

Skill      XL: |  1  2  3  4  5  6  7  8  9 10 11 12 13 14 15 |
---------------+----------------------------------------------+-----
Maces & Flails | 3 4 5 6 7 8 10 11 12 13 14 15 16 | 16.1
Armour         | 2 4 5 7 8 9 10 11 | 11.1
Dodging        | 2 4 5 7 8 9 10 11 | 11.0
Fighting       | 5 6 8 9 10 11 12 | 12.2
Evocations     | 5 7 |  7.0

Action                   |  1- 3 |  4- 6 |  7- 9 | 10-12 | 13-15 || total
-------------------------+-------+-------+-------+-------+-------++-------
Melee: Mace              |    77 |       |    31 |       |       ||   108
       Whip              |    28 |   176 |   275 |       |       ||   479
       Kick              |       |    22 |   121 |   233 |       ||   376
       Morningstar       |       |       |    78 |   106 |   212 ||   396
       Dire flail        |       |       |    55 |   668 |       ||   723
       Great mace        |       |       |       |       |  1069 ||  1069
Throw: Javelin           |       |       |     6 |       |     2 ||     8
Invok: Berserk           |     4 |     1 |     7 |    15 |     8 ||    35
       Trog's Hand       |     1 |       |     2 |     4 |     7 ||    14
       Brothers in Arms  |       |       |     2 |     2 |     6 ||    10
       Burn Spellbooks   |       |       |       |     1 |     1 ||     2
Evoke: Phial of floods   |       |       |       |       |     2 ||     2
       Wand              |       |       |       |       |     2 ||     2
       Lamp of fire      |       |       |       |       |     1 ||     1
  Use: Scroll            |       |     1 |    12 |     5 |    14 ||    32
       Potion            |       |       |       |     2 |     4 ||     6
 Stab: Distracted        |       |       |       |     1 |     1 ||     2
       Sleeping          |       |       |       |     1 |       ||     1
  Eat: Chunk             |     4 |     7 |    15 |    39 |    30 ||    95
       Bread ration      |       |       |     2 |       |       ||     2
       Royal jelly       |       |       |       |     2 |     4 ||     6
Armor: Animal skin       |    24 |       |       |       |       ||    24
       Plate armour      |       |    91 |   187 |       |   122 ||   400
       Ring mail         |       |       |     4 |   201 |       ||   205
       Scale mail        |       |       |       |     6 |   142 ||   148
       Ice dragon scales |       |       |       |       |    68 ||    68
       Skin              |       |       |       |       |    10 ||    10
Dodge: Dodged            |    76 |    42 |   104 |   513 |  1345 ||  2080
